 Dungeon Sprint DCSS version 0.17-a0-1718-g72dbe4d (webtiles) character file.

133268 Kidiri the Ninja (level 15, -6/59 (63) HPs)
             Began as a Spriggan Enchanter on Aug 26, 2015.
             Was the Champion of Dithmenos.
             Mangled by a vampire knight (19 damage)
             ... in the Dungeon (Sprint III: "The Ten Rune Challenge").
             The game lasted 01:27:08 (16623 turns).

Kidiri the Ninja (Spriggan Enchanter)              Turns: 16623, Time: 01:27:08

HP:   -6/59 (63)    AC:  8    Str:  9    XL:     15   Next: 94%
MP:   0/29          EV: 40    Int: 32    God:    Dithmenos [******]
Gold: 1385          SH:  0    Dex: 20    Spells: 15 memorised, 7 levels left

rFire  + . .     SeeInvis +     z - +2 rapier of Vomikep {venom, rPois rN+ Int+4}
rCold  + + +     Clarity  .     n - +2 robe {rC+ rF+}
rNeg   + . .     SustAt   .     (shield restricted)
rPois  +         Gourm    .     f - +1 hat {Spirit}
rElec  .         Spirit   +     m - +0 cloak {MR+}
rCorr  .         Warding  .     (gloves unavailable)
rMut   +         NoTele   +     (boots unavailable)
MR     +++..                    E - amulet of resist mutation
Stlth  ++++++++++               b - ring "Rogam" {rC+ AC+2 Int+6}
                                a - ring "Enkedaha" {+Fly rC+ MP-9 Str+5 Int+2}

@: very slightly contaminated, wreathed by umbra, invisible, very quick,
extremely resistant to hostile enchantments, uncannily stealthy
A: unfitting armour, see invisible, herbivore 3, speed 3, low mp 1, sense
surroundings 1, slow metabolism 2
a: Shadow Step, Shadow Form, Renounce Religion, Evoke Flight
}: 2/10 runes: serpentine, barnacled


You were in the Dungeon.
You worshipped Dithmenos.
Dithmenos was exalted by your worship.
You were not hungry.

You visited 1 branch You collected 4070 gold pieces.
You spent 2685 gold pieces at shops.

Inventory:

Hand weapons
 z - the +2 rapier of Vomikep (weapon) {venom, rPois rN+ Int+4}
   (You acquired it in the Dungeon)

   It poisons the flesh of those it strikes.
   It affects your intelligence (+4).
   It protects you from poison.
   It protects you from negative energy.
Missiles
 h - 6 throwing nets (quivered)
Armour
 f - a +1 hat of spirit shield (worn)
 m - a +0 cloak of magic resistance (worn)
 n - a +2 robe of resistance (worn)
Jewellery
 a - the ring "Enkedaha" (left hand) {+Fly rC+ MP-9 Str+5 Int+2}
   (You bought it in a shop in the Dungeon)

   [ring of protection from cold]

   It affects your strength (+5).
   It affects your intelligence (+2).
   It protects you from cold.
   It affects your magic capacity (-9).
   It lets you fly.
 b - the ring "Rogam" (right hand) {rC+ AC+2 Int+6}
   (You bought it in a shop in the Dungeon)

   [ring of protection]

   It affects your AC (+2).
   It affects your intelligence (+6).
   It protects you from cold.
 E - an amulet of resist mutation (around neck)
Magical devices
 o - a wand of digging (10)
 H - a wand of hasting (6)
Scrolls
 j - a scroll of blinking
 k - 13 scrolls of identify
 p - 3 scrolls of holy word
 s - a scroll of remove curse
 A - 7 scrolls of silence
 K - a scroll of torment
 P - a scroll of fog
 R - a scroll of enchant weapon
Potions
 d - a potion of cancellation
 e - 3 potions of curing
 g - a potion of haste
 i - a potion of berserk rage
 l - 2 potions of might
 q - 2 potions of cure mutation
 r - 4 potions of flight
 v - a potion of ambrosia
 w - 3 potions of lignification
Books
 x - a book of the Earth

   Spells                             Type                      Level
   a - Leda's Liquefaction            Hexes/Earth                  4
   b - Bolt of Magma                  Conjuration/Fire/Earth       5
   c - Statue Form                    Transmutation/Earth          6
   d - Iron Shot                      Conjuration/Earth            6
   e - Shatter                        Earth                        9
 I - an Akashic Record

   Spells                             Type                      Level
   a - Dispersal                      Translocation                6
   b - Controlled Blink               Translocation                7
   c - Malign Gateway                 Summoning/Translocation      7
   d - Disjunction                    Translocation                8
Comestibles
 c - 17 royal jellies
 B - a bread ration


   Skills:
 + Level 15.4 Short Blades
 * Level 25.6 Dodging
 O Level 27 Stealth
 * Level 22.2 Spellcasting
 + Level 11.2 Conjurations
 + Level 16.7 Hexes
 + Level 18.1 Translocations
 + Level 10.9 Transmutations
 + Level 12.3 Ice Magic
 + Level 7.6 Air Magic
 + Level 7.8 Earth Magic
 + Level 8.5 Poison Magic
 - Level 3.3 Invocations


You had 7 spell levels left.
You knew the following spells:

 Your Spells              Type           Power        Failure   Level  Hunger
a - Corona                Hex            #######      0%          1    None
b - Ensorcelled Hibernat  Hex/Ice        ######       0%          2    None
c - Confuse               Hex            #######.     0%          3    None
d - Tukima's Dance        Hex            #######.     0%          3    None
e - Dazzling Spray        Conj/Hex       #######.     0%          3    None
f - Apportation           Tloc           ########..   0%          1    None
g - Invisibility          Hex            #######.     1%          6    None
h - Passwall              Trmt/Erth      #######...   1%          3    None
i - Passage of Golubria   Tloc           N/A          0%          4    None
j - Lee's Rapid Deconstr  Erth           ######....   1%          5    None
k - Darkness              Hex            #######...   1%          6    None
l - Cure Poison           Pois           ######....   1%          2    None
m - Mephitic Cloud        Conj/Pois/Air  #######.     1%          3    None
n - Venom Bolt            Conj/Pois      #######...   1%          5    None
o - Olgreb's Toxic Radia  Pois           ######..     1%          4    None


Dungeon Overview and Level Annotations

Branches:
Dungeon (1/1)

Altars:
Cheibriados
Dithmenos
Elyvilon
Fedhas
Gozag
Kikubaaqudgha
Makhleb
Nemelex Xobeh
Okawaru
Qazlal
Ru
Sif Muna
Trog
Vehumet
Xom
Yredelemnul
Zin
The Shining One
Beogh
Jiyva
Lugonu

Shops:
D =[?[%(:%%![%:?[[(!:}%=!:


Innate Abilities, Weirdness & Mutations

You are tiny and cannot use many weapons and most armour.
You have supernaturally acute eyesight.
You are a herbivore.
You cover ground extremely quickly.
You need consume almost no food.
Your magical capacity is low (-10% MP).
You passively map a small area around you.


Message History

The vampire knight misses you. x2
You completely miss the vampire knight.
The vampire knight is moderately damaged.
The vampire knight completely misses you. x2
Casting: Dazzling Spray
Confirm with . or Enter, or press ? or * to list all spells.
Aiming: Tukima's Dance
Press: ? - help, Shift-Dir - straight line, f - vampire knight, p - vampire knight
Aim: a vampire knight, wielding a great sword and wearing a chain mail (heavily damaged, fast, slightly transparent, umbra, chance to defeat MR: 76%)
The great sword dances into the air!
The vampire knight hits you!!
* * * LOW HITPOINT WARNING * * *
The vampire knight completely misses you.
The vampire knight barely misses you.
The vampire knight completely misses you.
Unknown command.
Your great sword hits the vampire knight!
The vampire knight completely misses your great sword.
The vampire knight bites your great sword.
The vampire knight hits you!!
You die...

...≈≈≈≈≈≈≈≈≈▓#.#§§§§§§§#......#.#
....≈≈≈≈≈≈≈.▓#.#§§§§§§§###++###..
...≈≈≈≈≈≈≈.∩▓#..§§§§§§§#§⌠..⌠.#..
.≈≈≈≈≈≈≈≈≈.∩▓#########§#......###
≈≈≈≈≈≈≈≈≈≈.∩▓#.#.#.#.#........#..
.≈≈≈≈≈≈≈≈...▓#..........§.....#.#
▓▓▓▓▓▓▓▓▓▓▓▓▓#................#..
*************###'##############..
,≈,,,,≈,*,,,*##.@.##,#§≈≈§≈≈#####
≈,,,,,,≈*,,,##...V.##+#)≈≈P≈#.#..
,,,,,,,,#+###.......###...P≈#§▓+▓
,,,,,,,,+...+...(.V.'.......)V▓..
,,,,,,,,#+###.....(.#####.P≈#(▓..
≈,,,,,,≈#≈≈≈##.....##...##P≈#.▓..
,≈,,,,≈,#+#+###...###.#..##'##▓..
###++####.#.# ##'####.##.##...▓..
..+.....#+#####.≈≈≈'#.##.####.▓..


You could see 2 vampire knights and a friendly great sword.

Vanquished Creatures
  Mara (D)
  Norris (D)
  Rupert (D)
  2 liches (D)
  A deep elf master archer (D)
  2 sphinxes (D)
  Polyphemus (D)
  Gastronok (D)
  Harold (D)
  Chuck (D)
  2 shadow dragons (D)
  Roxanne (D)
  4 azure jellies (D)
  Ilsuiw (D)
  A greater naga (D)
  Maud (D)
  Azrael (D)
  2 deep elf annihilators (D)
  2 dire elephants (D)
  A merfolk javelineer (D)
  2 deep elf death magi (D)
  A fire dragon (D)
  6 mummy priests (D)
  Josephine (D)
  3 yaktaur captains (D)
  2 hydras (D)
  A naga warrior (D)
  An ogre mage (D)
  4 dancing weapons (D)
  3 anacondas (D)
  2 centaur warriors (D)
  4 death yaks (D)
  4 hell knights (D)
  An iron golem (D)
  A sea snake (D)
  A shadow wraith (D)
  3 skeletal warriors (D)
  2 unseen horrors (D)
  A death drake (D)
  A deep troll (shapeshifter) (D)
  A spriggan druid (D)
  A deep elf summoner (D)
  A spectral iron dragon (D)
  An obsidian statue (D)
  A hornet (D)
  Joseph (D)
  2 oklob plants (D)
  A lindwurm (D)
  5 ugly things (D)
  An orc sorcerer (D)
  4 crystal guardians (D)
  4 deep elf conjurers (D)
  8 black mambas (D)
  A guardian serpent (shapeshifter) (D)
  2 elephants (D)
  A molten gargoyle (D)
  A guardian serpent (D)
  A stone giant skeleton (D)
  4 statues (D)
  An iron troll simulacrum (D)
  An orange crystal statue (D)
  A komodo dragon (D)
  2 spiny frogs (D)
  A fire drake (D)
  2 yaktaurs (D)
  9 guardian mummies (D)
  3 wandering mushrooms (D)
  3 deep elf priests (D)
  4 spriggan defenders (D)
  8 slime creatures (D)
  8 blink frogs (D)
  A slime creature (shapeshifter) (D)
  An orc high priest (D)
  A queen bee (D)
  3 redbacks (D)
  2 spriggans (D)
  A shadow (D)
  A trapdoor spider (shapeshifter) (D)
  A spatial vortex (D)
  A hydra simulacrum (D)
  2 nagas (D)
  2 water moccasins (D)
  A swamp drake (D)
  2 orc warriors (D)
  2 wasps (D)
  2 centaurs (D)
  A necrophage (D)
  3 black mamba simulacra (D)
  An earth elemental (D)
  2 brain worms (D)
  A water elemental (D)
  32 killer bees (D)
  Crazy Yiuf (D)
  4 orc priests (D)
  A jelly (D)
  Jessica (D)
  2 orc wizards (D)
  2 necromancers (D)
  A wizard (D)
  A kobold demonologist (D)
  3 humans (D)
  3 sheep (D)
  6 adders (D)
  A giant eyeball (D)
  2 oozes (D)
  4 orcs (D)
  A giant newt (D)
  A rat (D)
  7 bushes (D)
  28 plants (D)
288 creatures vanquished.

Vanquished Creatures (collateral kills)
  An orc high priest (D)
  An orc knight (D)
  2 orc warriors (D)
  3 orcs (D)
7 creatures vanquished.

Vanquished Creatures (others)
  2 draconian scorchers (D)
  Nessos (D)
  2 dancing weapons (D)
  3 yaktaurs (D)
  2 guardian mummies (D)
  An electric eel (D)
  A bush (D)
  A plant (D)
13 creatures vanquished.

Grand Total: 308 creatures vanquished

Notes
Turn   | Place    | Note
--------------------------------------------------------------
     0 | D        | Kidiri the Spriggan Enchanter began the quest for the Orb.
     0 | D        | Reached XP level 1. HP: 9/9 MP: 5/5
     9 | D        | Reached skill level 5 in Stealth
    11 | D        | Reached XP level 2. HP: 13/13 MP: 5/7
    15 | D        | Learned a level 2 spell: Ensorcelled Hibernation
    42 | D        | Noticed Jessica
    46 | D        | Killed Jessica
    46 | D        | Reached skill level 5 in Dodging
    46 | D        | Reached skill level 6 in Stealth
    46 | D        | Reached XP level 3. HP: 16/16 MP: 8/10
    51 | D        | Learned a level 3 spell: Confuse
    55 | D        | Learned a level 3 spell: Tukima's Dance
    68 | D        | Noticed Crazy Yiuf
    71 | D        | Killed Crazy Yiuf
    71 | D        | Reached skill level 7 in Stealth
    71 | D        | Reached skill level 5 in Spellcasting
    71 | D        | Reached skill level 1 in Ice Magic
    81 | D        | Learned a level 3 spell: Dazzling Spray
    93 | D        | Reached XP level 4. HP: 21/21 MP: 10/12
    95 | D        | Killed a yaktaur
   127 | D        | Gained mutation: You are frail (-10% HP). [potion of mutation]
   127 | D        | Gained mutation: You are somewhat resistant to further mutation. [potion of mutation]
   128 | D        | Lost mutation: You are somewhat resistant to further mutation. [potion of cure mutation]
   128 | D        | Lost mutation: You are frail (-10% HP). [potion of cure mutation]
   129 | D        | Gained mutation: You passively map a small area around you. [potion of mutation]
   129 | D        | Gained mutation: Your magical capacity is low (-10% MP). [potion of mutation]
   178 | D        | Noticed a water elemental
   181 | D        | Killed a water elemental
   181 | D        | Reached skill level 8 in Stealth
   181 | D        | Reached skill level 1 in Conjurations
   181 | D        | Reached skill level 5 in Hexes
   181 | D        | Reached XP level 5. HP: 24/24 MP: 11/13
   200 | D        | Noticed a jelly
   201 | D        | Noticed a shadow
   229 | D        | Killed a shadow
   229 | D        | Reached skill level 10 in Stealth
   229 | D        | Reached XP level 6. HP: 28/28 MP: 2/15
   252 | D        | Killed a white draconian scorcher
   276 | D        | Killed a white draconian scorcher
   327 | D        | Killed a jelly
   460 | D        | Found a stormy altar of Qazlal.
   461 | D        | Found a sacrificial altar of Ru.
   461 | D        | Found a burning altar of Makhleb.
   461 | D        | Found a viscous altar of Jiyva.
   461 | D        | Found a shimmering altar of Xom.
   461 | D        | Found a shadowy altar of Dithmenos.
   461 | D        | Found a sparkling altar of Nemelex Xobeh.
   461 | D        | Found a corrupted altar of Lugonu.
   461 | D        | Found an opulent altar of Gozag.
   461 | D        | Noticed a spatial vortex
   465 | D        | Became a worshipper of Dithmenos the Shadowed
   483 | D        | Killed a spatial vortex
   483 | D        | Reached skill level 5 in Short Blades
   483 | D        | Reached skill level 1 in Invocations
   678 | D        | Found a radiant altar of Vehumet.
   679 | D        | Found a deep blue altar of Sif Muna.
   679 | D        | Found an ancient bone altar of Kikubaaqudgha.
   679 | D        | Noticed a wizard
   680 | D        | Killed a wizard
   680 | D        | Reached skill level 11 in Stealth
   682 | D        | Reached skill level 10 in Dodging
   705 | D        | Learned a level 1 spell: Apportation
   712 | D        | Learned a level 6 spell: Invisibility
   720 | D        | Found a glowing silver altar of Zin.
   721 | D        | Found a glowing golden altar of the Shining One.
   721 | D        | Found a white marble altar of Elyvilon.
   721 | D        | Noticed a deep elf priest
   723 | D        | Killed a deep elf priest
   723 | D        | Reached XP level 7. HP: 32/32 MP: 16/18
   739 | D        | Found an iron altar of Okawaru.
   740 | D        | Found a bloodstained altar of Trog.
   740 | D        | Noticed a human
   740 | D        | Noticed a human
   742 | D        | Killed a human
   742 | D        | Reached skill level 12 in Stealth
   744 | D        | Killed a human
   744 | D        | Reached XP level 8. HP: 36/36 MP: 16/20
   770 | D        | Found a snail-covered altar of Cheibriados.
   770 | D        | Noticed a necrophage
   771 | D        | Found a basalt altar of Yredelemnul.
   771 | D        | Found a blossoming altar of Fedhas.
   771 | D        | Noticed a necromancer
   772 | D        | Killed a necrophage
   772 | D        | Acquired Dithmenos's first power
   773 | D        | Killed a necromancer
   849 | D        | Noticed Josephine
   853 | D        | Killed Josephine
   853 | D        | Reached skill level 13 in Stealth
   853 | D        | Reached skill level 10 in Spellcasting
   853 | D        | Reached skill level 5 in Translocations
   863 | D        | Noticed an earth elemental
   866 | D        | Killed an earth elemental
   871 | D        | Noticed a centaur
   871 | D        | Noticed a centaur warrior
   871 | D        | Noticed a centaur
   873 | D        | Killed a centaur
   873 | D        | Reached XP level 9. HP: 39/39 MP: 22/22
   875 | D        | Killed a centaur warrior
   875 | D        | Acquired Dithmenos's second power
   875 | D        | Reached skill level 14 in Stealth
   875 | D        | Reached skill level 5 in Ice Magic
   876 | D        | Killed a centaur
   889 | D        | Noticed an unseen horror
   889 | D        | Noticed an unseen horror
   890 | D        | Killed an unseen horror
   890 | D        | Reached skill level 15 in Stealth
   895 | D        | Killed an unseen horror
   906 | D        | Noticed a killer bee
   906 | D        | Noticed a killer bee
   906 | D        | Noticed a killer bee
   906 | D        | Noticed a killer bee
   906 | D        | Noticed a killer bee
   906 | D        | Noticed a killer bee
   906 | D        | Noticed a killer bee
   906 | D        | Noticed a killer bee
   906 | D        | Noticed a killer bee
   906 | D        | Noticed a killer bee
   906 | D        | Noticed a killer bee
   906 | D        | Noticed a killer bee
   906 | D        | Noticed a killer bee
   906 | D        | Noticed a killer bee
   906 | D        | Noticed a killer bee
   907 | D        | Noticed a killer bee
   907 | D        | Noticed a killer bee
   907 | D        | Noticed a killer bee
   907 | D        | Noticed a killer bee
   907 | D        | Noticed a killer bee
   907 | D        | Noticed a killer bee
   907 | D        | Noticed a queen bee
   907 | D        | Noticed a killer bee
   907 | D        | Noticed a killer bee
   907 | D        | Noticed a killer bee
   907 | D        | Noticed a killer bee
   907 | D        | Noticed a killer bee
   907 | D        | Noticed a killer bee
   907 | D        | Noticed a killer bee
   907 | D        | Noticed a killer bee
   907 | D        | Noticed a killer bee
   907 | D        | Noticed a killer bee
   907 | D        | Noticed a killer bee
   908 | D        | Killed a killer bee
   908 | D        | Acquired Dithmenos's third power
   911 | D        | Killed a killer bee
   913 | D        | Killed a killer bee
   913 | D        | Reached skill level 5 in Conjurations
   917 | D        | Killed a killer bee
   917 | D        | Reached XP level 10. HP: 42/44 MP: 14/24
   920 | D        | Killed a killer bee
   922 | D        | Killed a killer bee
   924 | D        | Killed a killer bee
   924 | D        | Acquired Dithmenos's fourth power
   926 | D        | Killed a killer bee
   928 | D        | Killed a killer bee
   948 | D        | Killed a killer bee
  1049 | D        | Killed an electric eel
  1090 | D        | Killed a killer bee
  1092 | D        | Killed a killer bee
  1096 | D        | Killed a killer bee
  1098 | D        | Killed a killer bee
  1102 | D        | Killed a killer bee
  1104 | D        | Killed a killer bee
  1106 | D        | Killed a killer bee
  1110 | D        | Killed a killer bee
  1112 | D        | Killed a killer bee
  1114 | D        | Killed a killer bee
  1116 | D        | Killed a killer bee
  1246 | D        | Killed a killer bee
  1248 | D        | Killed a killer bee
  1250 | D        | Killed a killer bee
  1252 | D        | Killed a killer bee
  1254 | D        | Killed a killer bee
  1258 | D        | Killed a killer bee
  1264 | D        | Killed a killer bee
  1268 | D        | Killed a killer bee
  1397 | D        | Killed a queen bee
  1397 | D        | Reached skill level 16 in Stealth
  1399 | D        | Killed a killer bee
  1401 | D        | Killed a killer bee
  1404 | D        | Killed a killer bee
  1523 | D        | Noticed a wandering mushroom
  1524 | D        | Noticed a wandering mushroom
  1524 | D        | Noticed a wandering mushroom
  1527 | D        | Killed a wandering mushroom
  1527 | D        | Reached skill level 15 in Dodging
  1530 | D        | Killed a wandering mushroom
  1530 | D        | Reached skill level 10 in Hexes
  1532 | D        | Killed a wandering mushroom
  1603 | D        | Noticed a spiny frog
  1603 | D        | Noticed a komodo dragon
  1603 | D        | Noticed a spiny frog
  1613 | D        | Killed a spiny frog
  1615 | D        | Killed a spiny frog
  1618 | D        | Killed a komodo dragon
  1654 | D        | Noticed a redback
  1656 | D        | Killed a redback
  1657 | D        | Noticed a brain worm
  1660 | D        | Killed a brain worm
  1663 | D        | Noticed a brain worm
  1665 | D        | Killed a brain worm
  1671 | D        | Noticed a lindwurm
  1673 | D        | Noticed a redback
  1674 | D        | Killed a lindwurm
  1674 | D        | Reached skill level 17 in Stealth
  1676 | D        | Noticed a redback
  1677 | D        | Killed a redback
  1677 | D        | Reached XP level 11. HP: 47/47 MP: 21/26
  1681 | D        | Killed a redback
  1690 | D        | Noticed Maud
  1692 | D        | Killed Maud
  1692 | D        | Reached skill level 10 in Translocations
  1806 | D        | Noticed a six-headed hydra
  1806 | D        | Noticed an eight-headed hydra
  1808 | D        | Killed a six-headed hydra
  1809 | D        | Killed an eight-headed hydra
  1809 | D        | Reached skill level 18 in Stealth
  1820 | D        | Noticed a death drake
  1822 | D        | Killed a death drake
  1822 | D        | Reached skill level 10 in Short Blades
  1832 | D        | Found a blossoming altar of Fedhas.
  1832 | D        | Noticed a spriggan
  1832 | D        | Noticed a spriggan druid
  1832 | D        | Noticed a spriggan
  1834 | D        | Killed a spriggan druid
  1835 | D        | Killed a spriggan
  1836 | D        | Killed a spriggan
  1888 | D        | Noticed Polyphemus
  1923 | D        | Noticed Ilsuiw
  1929 | D        | Killed Polyphemus
  1929 | D        | Reached skill level 15 in Spellcasting
  2154 | D        | Killed Ilsuiw
  2154 | D        | Reached skill level 19 in Stealth
  2161 | D        | Found Woyxyod's Antique Weapon Emporium.
  2161 | D        | Found Kaserhoi's Book Shop.
  2161 | D        | Found Oqao's Food Shoppe.
  2161 | D        | Noticed a sea snake
  2161 | D        | Noticed a merfolk javelineer
  2163 | D        | Killed a sea snake
  2209 | D        | Killed a merfolk javelineer
  2209 | D        | Reached XP level 12. HP: 31/51 MP: 7/29
  2316 | D        | Got a barnacled rune of Zot
  2492 | D        | Noticed a swamp drake
  2492 | D        | Noticed a fire drake
  2495 | D        | Killed a swamp drake
  2497 | D        | Killed a fire drake
  2515 | D        | Noticed a blink frog
  2515 | D        | Noticed a blink frog
  2516 | D        | Noticed a blink frog
  2516 | D        | Noticed a blink frog
  2516 | D        | Noticed a blink frog
  2520 | D        | Killed a blink frog
  2520 | D        | Killed a blink frog
  2521 | D        | Killed a blink frog
  2527 | D        | Killed a blink frog
  2529 | D        | Killed a blink frog
  2625 | D        | Noticed Rupert
  2627 | D        | Killed Rupert
  2627 | D        | Reached skill level 20 in Stealth
  2650 | D        | Noticed a death yak
  2651 | D        | Noticed a death yak
  2651 | D        | Noticed a blink frog
  2652 | D        | Noticed an azure jelly
  2652 | D        | Noticed a death yak
  2652 | D        | Noticed an azure jelly
  2652 | D        | Noticed a blink frog
  2652 | D        | Noticed a death yak
  2653 | D        | Killed a death yak
  2654 | D        | Killed a blink frog
  2655 | D        | Killed a death yak
  2656 | D        | Noticed a blink frog
  2656 | D        | Noticed a black mamba
  2657 | D        | Killed a death yak
  2658 | D        | Noticed a black mamba
  2659 | D        | Killed a blink frog
  2660 | D        | Killed a blink frog
  2661 | D        | Killed a death yak
  2663 | D        | Killed a black mamba
  2664 | D        | Killed a black mamba
  2702 | D        | Noticed a black mamba
  2703 | D        | Noticed a black mamba
  2703 | D        | Noticed a water moccasin
  2704 | D        | Killed a black mamba
  2707 | D        | Killed a black mamba
  2708 | D        | Killed a water moccasin
  2775 | D        | Noticed a black mamba
  2775 | D        | Noticed a black mamba
  2775 | D        | Noticed a black mamba
  2776 | D        | Noticed an anaconda
  2777 | D        | Killed a black mamba
  2779 | D        | Killed a black mamba
  2780 | D        | Killed a black mamba
  2782 | D        | Killed an anaconda
  2782 | D        | Reached skill level 21 in Stealth
  2817 | D        | Noticed an anaconda
  2817 | D        | Noticed a water moccasin
  2817 | D        | Noticed a black mamba
  2817 | D        | Noticed an anaconda
  2818 | D        | Killed an anaconda
  2820 | D        | Killed an anaconda
  2821 | D        | Killed a black mamba
  2821 | D        | Reached XP level 13. HP: 55/55 MP: 26/31
  2822 | D        | Killed a water moccasin
  2854 | D        | Noticed a naga
  2854 | D        | Noticed a naga
  2855 | D        | Noticed a naga warrior
  2855 | D        | Noticed a greater naga
  2855 | D        | Found Pooruem's Jewellery Boutique.
  2855 | D        | Found Joinaif's Antique Armour Emporium.
  2856 | D        | Killed a naga
  2857 | D        | Killed a naga
  2858 | D        | Found Joazomyra's Magic Scroll Shop.
  2859 | D        | Killed a greater naga
  2860 | D        | Killed a naga warrior
  2873 | D        | Noticed a guardian serpent
  2875 | D        | Killed a guardian serpent
  2878 | D        | Got a serpentine rune of Zot
  2956 | D        | Noticed an azure jelly
  2956 | D        | Noticed an azure jelly
  2957 | D        | Noticed an elephant
  2957 | D        | Noticed an elephant
  2957 | D        | Noticed a dire elephant
  2957 | D        | Noticed a dire elephant
  2957 | D        | Noticed Gastronok
  2959 | D        | Killed Gastronok
  2960 | D        | Killed a dire elephant
  2962 | D        | Killed a dire elephant
  2962 | D        | Reached skill level 22 in Stealth
  2966 | D        | Killed an elephant
  2973 | D        | Killed an elephant
  3882 | D        | Noticed Harold
  3882 | D        | Noticed Joseph
  3884 | D        | Killed Harold
  3886 | D        | Killed Joseph
  3941 | D        | Found a roughly hewn altar of Beogh.
  3941 | D        | Found Loischen's Antique Armour Emporium.
  3941 | D        | Noticed an orc priest
  3941 | D        | Noticed an orc warrior
  3941 | D        | Noticed an orc warrior
  3941 | D        | Noticed an orc wizard
  3941 | D        | Noticed an orc warrior
  3945 | D        | Noticed an orc high priest
  3945 | D        | Noticed an orc wizard
  3945 | D        | Noticed an orc warrior
  3945 | D        | Noticed an orc knight
  3945 | D        | Noticed an orc sorcerer
  3946 | D        | Killed an orc wizard
  3949 | D        | Killed an orc priest
  3951 | D        | Killed an orc wizard
  3952 | D        | Killed an orc sorcerer
  3959 | D        | Killed an orc warrior
  3960 | D        | Killed an orc warrior
  3962 | D        | Killed an orc knight
  3966 | D        | Killed an orc high priest
  3971 | D        | Killed an orc warrior
  3974 | D        | Killed an orc warrior
  4380 | D        | Noticed a deep elf summoner
  4380 | D        | Noticed a deep elf conjurer
  4380 | D        | Noticed a deep elf priest
  4380 | D        | Noticed a deep elf conjurer
  4380 | D        | Noticed a deep elf priest
  4387 | D        | Noticed a deep elf conjurer
  4389 | D        | Killed a deep elf priest
  4390 | D        | Killed a deep elf conjurer
  4390 | D        | Reached skill level 10 in Ice Magic
  4392 | D        | Killed a deep elf priest
  4394 | D        | Killed a deep elf summoner
  4395 | D        | Killed a deep elf conjurer
  4396 | D        | Noticed a deep elf annihilator
  4622 | D        | Noticed a deep elf conjurer
  4626 | D        | Killed a deep elf conjurer
  4627 | D        | Noticed a deep elf annihilator
  4742 | D        | Killed a yaktaur
  4743 | D        | Noticed a deep elf death mage
  4749 | D        | Killed a deep elf death mage
  4950 | D        | Killed a deep elf conjurer
  4960 | D        | Noticed a deep elf master archer
  5049 | D        | Identified a +4 rod of inaccuracy (11/11) (You took it off a deep elf death mage in the Dungeon)
  5129 | D        | Noticed a deep elf death mage
  5135 | D        | Killed a deep elf death mage
  5320 | D        | Killed a deep elf master archer
  5320 | D        | Reached skill level 23 in Stealth
  5320 | D        | Reached skill level 15 in Translocations
  5498 | D        | Killed a deep elf annihilator
  6529 | D        | Bought a book of Burglary for 1050 gold pieces
  6533 | D        | Learned a level 3 spell: Passwall
  6538 | D        | Learned a level 4 spell: Passage of Golubria
  6544 | D        | Learned a level 5 spell: Lee's Rapid Deconstruction
  6551 | D        | Learned a level 6 spell: Darkness
  6557 | D        | Bought a Young Poisoner's Handbook for 560 gold pieces
  6560 | D        | Learned a level 2 spell: Cure Poison
  6564 | D        | Learned a level 3 spell: Mephitic Cloud
  6570 | D        | Learned a level 5 spell: Venom Bolt
  6807 | D        | Killed a deep elf annihilator
  6807 | D        | Reached skill level 1 in Transmutations
  6843 | D        | Got a glittering marble ring
  6854 | D        | Identified Lanla Xak's Disquisition on Hexes
  6898 | D        | Identified the ring of Duong {rF+ Str+4} (You found it in the Dungeon)
  7050 | D        | Noticed an orc priest
  7050 | D        | Noticed an orc high priest
  7051 | D        | Noticed an orc priest
  7051 | D        | Noticed an orc priest
  7052 | D        | Killed an orc priest
  7053 | D        | Killed an orc high priest
  7055 | D        | Killed an orc priest
  7056 | D        | Killed an orc priest
  7136 | D        | Noticed an orange crystal statue
  7140 | D        | Noticed a spriggan defender
  7141 | D        | Noticed a spriggan defender
  7141 | D        | Noticed a spriggan defender
  7141 | D        | Noticed a spriggan defender
  7142 | D        | Killed a spriggan defender
  7142 | D        | Reached skill level 1 in Earth Magic
  7142 | D        | Reached skill level 1 in Poison Magic
  7143 | D        | Killed a spriggan defender
  7145 | D        | Killed a spriggan defender
  7146 | D        | Killed a spriggan defender
  7146 | D        | Reached XP level 14. HP: 59/59 MP: 29/34
  7152 | D        | Learned a level 4 spell: Olgreb's Toxic Radiance
  7264 | D        | Killed an orange crystal statue
  7361 | D        | Found Neuprie's Distillery.
  7361 | D        | Found Nixipryn's Gadget Shop.
  7361 | D        | Found Maleywan's Book Shoppe.
  7361 | D        | Found Imuesk's Antique Weapon Boutique.
  7361 | D        | Found Gusy's Book Emporium.
  7361 | D        | Found Zesmus's Distillery.
  7361 | D        | Found Delafom's Jewellery Emporium.
  7361 | D        | Found Vaotatry's Food Boutique.
  7362 | D        | Found Rilirurch's Antique Armour Boutique.
  7362 | D        | Found Neatiose's Armour Shoppe.
  7362 | D        | Found Tyashrebo's Magic Scroll Shop.
  7362 | D        | Found Pusannum's Book Emporium.
  7378 | D        | Bought a scroll of identify for 28 gold pieces
  7378 | D        | Bought a scroll of identify for 28 gold pieces
  7378 | D        | Bought a scroll of identify for 28 gold pieces
  7378 | D        | Bought a scroll of magic mapping for 49 gold pieces
  7478 | D        | Noticed a brown ugly thing
  7479 | D        | Noticed a centaur warrior
  7483 | D        | Killed a centaur warrior
  7483 | D        | Reached skill level 1 in Air Magic
  7488 | D        | Killed a brown ugly thing
  7494 | D        | Noticed a fire dragon
  7496 | D        | Killed a fire dragon
  7520 | D        | Noticed a battleaxe of flaming
  7520 | D        | Noticed a flail of distortion
  7521 | D        | Noticed a flail of holy wrath
  7522 | D        | Noticed a broad axe of electrocution
  7523 | D        | Killed a flail of holy wrath
  7706 | D        | Killed a broad axe of electrocution
  7753 | D        | Killed a battleaxe of flaming
  7815 | D        | Killed a flail of distortion
  7832 | D        | Got a translucent quick blade
  7834 | D        | Identified the +0 quick blade "Xucs" {freeze, rF++ Int+5 Dex-3} (You found it in the Dungeon)
  7878 | D        | Killed a yaktaur
  7913 | D        | Bought the ring "Enkedaha" {+Fly rC+ MP-9 Str+5 Int+2} for 488 gold pieces
  8056 | D        | Bought the ring "Rogam" {rC+ AC+2 Int+6} for 366 gold pieces
  8725 | D        | Got a fine battleaxe
  8740 | D        | Got an ichor-stained great mace
  8886 | D        | Killed Nessos
  9087 | D        | Noticed a slime creature
  9087 | D        | Noticed a slime creature
  9088 | D        | Noticed a brown ugly thing
  9089 | D        | Killed a slime creature
  9090 | D        | Noticed a yaktaur captain
  9091 | D        | Killed a slime creature
  9092 | D        | Noticed a slime creature
  9095 | D        | Killed a brown ugly thing
  9100 | D        | Killed a slime creature
  9311 | D        | Noticed a slime creature
  9314 | D        | Killed a slime creature
  9318 | D        | Noticed Chuck
  9324 | D        | Noticed a slime creature
  9325 | D        | Killed a yaktaur captain
  9341 | D        | Killed a slime creature
  9341 | D        | Reached skill level 24 in Stealth
  9474 | D        | Noticed Norris
  9507 | D        | Killed Norris
 10613 | D        | Killed Chuck
 10613 | D        | Reached skill level 5 in Transmutations
 10869 | D        | Got an ichor-stained hunting sling
 11075 | D        | Noticed a black mamba simulacrum
 11075 | D        | Noticed a black mamba simulacrum
 11075 | D        | Noticed a black mamba simulacrum
 11075 | D        | Killed a black mamba simulacrum
 11076 | D        | Killed a black mamba simulacrum
 11077 | D        | Killed a black mamba simulacrum
 11251 | D        | Bought a scroll of identify for 22 gold pieces
 11251 | D        | Bought a scroll of identify for 22 gold pieces
 11251 | D        | Bought a scroll of identify for 22 gold pieces
 11251 | D        | Bought a scroll of identify for 22 gold pieces
 11446 | D        | Noticed a yaktaur captain
 11450 | D        | Noticed a yaktaur captain
 11453 | D        | Killed a yaktaur captain
 11453 | D        | Reached skill level 15 in Hexes
 11454 | D        | Noticed a yaktaur
 11591 | D        | Noticed a yaktaur
 11595 | D        | Killed a yaktaur captain
 11625 | D        | Killed a yaktaur
 11632 | D        | Killed a yaktaur
 11885 | D        | Noticed Azrael
 11887 | D        | Killed Azrael
 11957 | D        | Got a slimy robe
 11968 | D        | Identified the +1 robe "Puikap Ruipe" {Str+5} (You acquired it in the Dungeon)
 11969 | D        | Got a transparent rapier
 11970 | D        | Identified the +2 rapier of Vomikep {venom, rPois rN+ Int+4} (You acquired it in the Dungeon)
 12461 | D        | Noticed a lich
 12478 | D        | Noticed a balrug
 12487 | D        | Noticed a Brimstone Fiend
 12487 | D        | Killed a lich
 12583 | D        | Noticed a purple ugly thing
 12585 | D        | Killed a purple ugly thing
 12585 | D        | Reached skill level 10 in Conjurations
 12587 | D        | Noticed a deep troll
 12588 | D        | Noticed a cyan ugly thing
 12589 | D        | Killed a deep troll
 12590 | D        | Noticed an ogre mage
 12590 | D        | Noticed a shadow dragon
 12590 | D        | Noticed a shadow dragon
 12590 | D        | Noticed a slime creature
 12591 | D        | Killed a cyan ugly thing
 12592 | D        | Killed a shadow dragon
 12592 | D        | Reached skill level 5 in Poison Magic
 12593 | D        | Killed a shadow dragon
 12593 | D        | Reached skill level 25 in Stealth
 12594 | D        | Killed an ogre mage
 12596 | D        | Killed a slime creature
 12620 | D        | Noticed an obsidian statue
 12620 | D        | Noticed a guardian serpent
 12621 | D        | Noticed a cyan ugly thing
 12622 | D        | Killed a guardian serpent
 12624 | D        | Killed a cyan ugly thing
 12654 | D        | Killed an obsidian statue
 13034 | D        | Noticed a skeletal warrior
 13035 | D        | Noticed an iron golem
 13036 | D        | Killed a skeletal warrior
 13037 | D        | Killed an iron golem
 13059 | D        | Noticed a necromancer
 13061 | D        | Killed a necromancer
 13094 | D        | Noticed a hell knight
 13094 | D        | Noticed a hell knight
 13095 | D        | Noticed a hell knight
 13095 | D        | Noticed a hell knight
 13096 | D        | Killed a hell knight
 13097 | D        | Killed a hell knight
 13099 | D        | Killed a hell knight
 13100 | D        | Killed a hell knight
 13100 | D        | Reached skill level 5 in Air Magic
 13100 | D        | Reached skill level 5 in Earth Magic
 13100 | D        | Reached XP level 15. HP: 63/63 MP: 21/36
 13115 | D        | Noticed a lich
 13117 | D        | Killed a lich
 13399 | D        | Noticed a mummy priest
 13399 | D        | Noticed a guardian mummy
 13400 | D        | Noticed a sphinx
 13400 | D        | Noticed a sphinx
 13400 | D        | Noticed a guardian mummy
 13401 | D        | Killed a mummy priest
 13419 | D        | Killed a sphinx
 13455 | D        | Killed a guardian mummy
 13473 | D        | Killed a guardian mummy
 13699 | D        | Killed a sphinx
 13788 | D        | Noticed a guardian mummy
 13789 | D        | Noticed a guardian mummy
 13791 | D        | Killed a guardian mummy
 13793 | D        | Killed a guardian mummy
 13858 | D        | Noticed a guardian mummy
 13859 | D        | Noticed a guardian mummy
 13859 | D        | Noticed a guardian mummy
 13859 | D        | Noticed a mummy priest
 13859 | D        | Noticed a guardian mummy
 13860 | D        | Killed a guardian mummy
 13952 | D        | Noticed a guardian mummy
 13953 | D        | Killed a guardian mummy
 13999 | D        | Killed a guardian mummy
 14000 | D        | Noticed a guardian mummy
 14001 | D        | Killed a mummy priest
 14002 | D        | Killed a guardian mummy
 14343 | D        | Killed a guardian mummy
 14347 | D        | Killed a guardian mummy
 14463 | D        | Noticed a guardian mummy
 14465 | D        | Noticed a mummy priest
 14465 | D        | Noticed a mummy priest
 14466 | D        | Killed a guardian mummy
 14490 | D        | Noticed a mummy priest
 14491 | D        | Killed a mummy priest
 14491 | D        | Reached skill level 26 in Stealth
 14492 | D        | Killed a mummy priest
 14494 | D        | Killed a mummy priest
 14901 | D        | Killed an azure jelly
 14903 | D        | Killed an azure jelly
 14904 | D        | Killed an azure jelly
 14905 | D        | Killed an azure jelly
 15359 | D        | Noticed a crystal guardian
 15359 | D        | Noticed a crystal guardian
 15359 | D        | Noticed a crystal guardian
 15359 | D        | Noticed a crystal guardian
 15360 | D        | Killed a crystal guardian
 15362 | D        | Killed a crystal guardian
 15364 | D        | Killed a crystal guardian
 15492 | D        | Killed a crystal guardian
 15492 | D        | Reached skill level 15 in Short Blades
 15582 | D        | Noticed a fire elementalist statue
 15582 | D        | Noticed a water elementalist statue
 15582 | D        | Noticed an earth elementalist statue
 15582 | D        | Noticed an air elementalist statue
 15585 | D        | Killed a water elementalist statue
 15587 | D        | Killed a fire elementalist statue
 15825 | D        | Killed an air elementalist statue
 15829 | D        | Killed an earth elementalist statue
 15963 | D        | Noticed a spectral iron dragon
 15965 | D        | Killed a spectral iron dragon
 15968 | D        | Noticed a stone giant skeleton
 15970 | D        | Killed a stone giant skeleton
 15978 | D        | Found Sulielim's Food Emporium.
 15978 | D        | Found Tomiapsy's Armour Shop.
 15978 | D        | Found Amentiel's Distillery.
 15978 | D        | Found Bulieqov's Food Shoppe.
 15978 | D        | Noticed an oklob plant
 15979 | D        | Noticed an oklob plant
 15980 | D        | Killed an oklob plant
 15981 | D        | Killed an oklob plant
 16002 | D        | Noticed a six-headed hydra simulacrum
 16002 | D        | Noticed Roxanne
 16004 | D        | Killed a six-headed hydra simulacrum
 16125 | D        | Killed Roxanne
 16214 | D        | Found Jagipt's Food Boutique.
 16214 | D        | Noticed an iron troll simulacrum
 16217 | D        | Killed an iron troll simulacrum
 16256 | D        | Noticed a wasp
 16257 | D        | Killed a wasp
 16257 | D        | Reached skill level 10 in Transmutations
 16261 | D        | Noticed a hornet
 16262 | D        | Killed a hornet
 16269 | D        | Noticed a wasp
 16270 | D        | Killed a wasp
 16295 | D        | Noticed a shadow wraith
 16295 | D        | Noticed a skeletal warrior
 16295 | D        | Noticed a mummy priest
 16296 | D        | Noticed a skeletal warrior
 16297 | D        | Killed a mummy priest
 16306 | D        | Killed a skeletal warrior
 16307 | D        | Killed a skeletal warrior
 16322 | D        | Killed a shadow wraith
 16480 | D        | Noticed a large slime creature
 16480 | D        | Noticed a slime creature
 16480 | D        | Noticed a slime creature
 16480 | D        | Noticed a slime creature
 16486 | D        | Killed a very large slime creature
 16495 | D        | Killed a slime creature
 16497 | D        | Killed a slime creature
 16593 | D        | Noticed a molten gargoyle
 16593 | D        | Noticed a vampire knight
 16593 | D        | Noticed Mara
 16593 | D        | Noticed a vampire knight
 16595 | D        | Killed Mara
 16595 | D        | Reached skill level 27 in Stealth
 16600 | D        | Killed a molten gargoyle
 16623 | D        | Mangled by a vampire knight

Vault maps used:
D:        dungeon_sprint_mu

Action                   |  1- 3 |  4- 6 |  7- 9 | 10-12 | 13-15 || total
-------------------------+-------+-------+-------+-------+-------++-------
Melee: Dagger            |     6 |    16 |    16 |   134 |   749 ||   921
       Rapier            |       |       |       |       |   452 ||   452
       Quick blade       |       |       |       |       |    38 ||    38
 Cast: Ensorcelled Hiber |     1 |     1 |     7 |    53 |    28 ||    90
       Dazzling Spray    |       |     8 |       |    23 |   117 ||   148
       Confuse           |       |       |       |     3 |     3 ||     6
       Apportation       |       |       |       |     1 |    23 ||    24
       Tukima's Dance    |       |       |       |     1 |     6 ||     7
       Invisibility      |       |       |       |       |    11 ||    11
       Passwall          |       |       |       |       |     8 ||     8
       Passage of Golubr |       |       |       |       |     4 ||     4
       Venom Bolt        |       |       |       |       |    33 ||    33
       Lee's Rapid Decon |       |       |       |       |    27 ||    27
       Mephitic Cloud    |       |       |       |       |     1 ||     1
       Olgreb's Toxic Ra |       |       |       |       |     1 ||     1
       Cure Poison       |       |       |       |       |     1 ||     1
Invok: Shadow Step       |       |       |       |    17 |    27 ||    44
 Abil: Evoke Flight      |       |       |       |       |     6 ||     6
  Use: Potion            |       |     4 |       |     1 |     2 ||     7
       Scroll            |       |     3 |       |     1 |    12 ||    16
 Stab: Sleeping          |     6 |     5 |    15 |    71 |   101 ||   198
       Invisible         |       |       |       |     4 |     8 ||    12
       Confused          |       |       |       |     1 |     1 ||     2
       Distracted        |       |       |       |       |     2 ||     2
  Eat: Bread ration      |       |       |       |     1 |       ||     1
       Fruit             |       |       |       |       |    10 ||    10
       Royal jelly       |       |       |       |       |     3 ||     3
